Workbook
Name AbaDeprec: '5. Depreciação'!$A$1
Name AbaRemun: '6.Remuneração de capital'!$A$1

Sheet 1. Coleta Domiciliar
A1: 1. Coleta de Resíduos Seletiva
A2: Planilha de Composição de Custos
A4: Orçamento Sintético
A5: Descrição do Item | E5: Custo (R$/mês) | F5: %
A6: =A43 -> 1. Mão-de-obra | E6: =+F133 -> 10785.883 | F6: =IFERROR(E6/$E$26,0) -> 0.64084427
A7: =A45 -> 1.1. Coletor Turno Dia | E7: =F56 -> 6643.9222 | F7: =IFERROR(E7/$E$26,0) -> 0.39474926
A8: =A58 -> 1.2. Coletor Turno Noite | E8: =F75 -> 0 | F8: =IFERROR(E8/$E$26,0) -> 0
A9: =A77 -> 1.3. Motorista Turno do Dia | E9: =F90 -> 3321.9611 | F9: =IFERROR(E9/$E$26,0) -> 0.19737463
A10: =A92 -> 1.4. Motorista Turno Noite | E10: =F111 -> 0 | F10: =IFERROR(E10/$E$26,0) -> 0
A11: =A113 -> 1.5. Vale Transporte | E11: =F119 -> 0 | F11: =IFERROR(E11/$E$26,0) -> 0
A12: =A121 -> 1.6. Vale-refeição (diário) | E12: =F125 -> 320 | F12: =IFERROR(E12/$E$26,0) -> 0.01901283
A13: =A127 -> 1.7. Auxílio Alimentação (mensal) | E13: =F131 -> 500 | F13: =IFERROR(E13/$E$26,0) -> 0.029707547
A14: =A135 -> 2. Uniformes e Equipamentos de Proteção Individual | E14: =+F167 -> 780.13667 | F14: =IFERROR(E14/$E$26,0) -> 0.046351893
A15: =A169 -> 3. Veículos e Equipamentos | E15: =+F246 -> 2379.2491 | F15: =IFERROR(E15/$E$26,0) -> 0.14136331
A16: =A171 -> 3.1. Veículo Coletor Compactador | E16: =SUM(E17:E22) -> 2379.2491 | F16: =IFERROR(E16/$E$26,0) -> 0.14136331
A17: =A173 -> 3.1.1. Depreciação | E17: =F187 -> 357.40367 | F17: =IFERROR(E17/$E$26,0) -> 0.021235172
A18: =A189 -> 3.1.2. Remuneração do Capital | E18: =F203 -> 143.13413 | F18: =IFERROR(E18/$E$26,0) -> 0.0085043276
A19: =A205 -> 3.1.3. Impostos e Seguros | E19: =F211 -> 212.5 | F19: =IFERROR(E19/$E$26,0) -> 0.012625707
A20: =A213 -> 3.1.4. Consumos | E20: =F229 -> 1279.0382 | F20: =IFERROR(E20/$E$26,0) -> 0.075994176
A21: =A231 -> 3.1.5. Manutenção | E21: =F234 -> 362.0512 | F21: =IFERROR(E21/$E$26,0) -> 0.021511306
A22: =A236 -> 3.1.6. Pneus | E22: =F243 -> 25.12192 | F22: =IFERROR(E22/$E$26,0) -> 0.0014926212
A23: =A248 -> 4. Ferramentas e Materiais de Consumo | E23: =+F258 -> 112.5 | F23: =IFERROR(E23/$E$26,0) -> 0.006684198
A24: =A260 -> 5. Monitoramento da Frota | E24: =+F269 -> 83.333333 | F24: =IFERROR(E24/$E$26,0) -> 0.0049512578
A25: =A273 -> 6. Benefícios e Despesas Indiretas - BDI | E25: =+F279 -> 2689.6377 | F25: =IFERROR(E25/$E$26,0) -> 0.15980507
A26: PREÇO TOTAL MENSAL COM A COLETA | E26: =E6+E14+E15+E23+E24+E25 -> 16830.74 | F26: =F6+F14+F15+F23+F24+F25 -> 1
A29: Quantitativos
A30: Mão-de-obra | E30: Quantidade
A31: =+A45 -> 1.1. Coletor Turno Dia | E31: 2
A32: =+A58 -> 1.2. Coletor Turno Noite | E32: =C74 -> 0
A33: =+A77 -> 1.3. Motorista Turno do Dia | E33: 1
A34: =+A92 -> 1.4. Motorista Turno Noite | E34: =C110 -> 0
A35: Total de mão-de-obra (postos de trabalho) | E35: =SUM(E31:E34) -> 3
A37: Veículos e Equipamentos | E37: Quantidade
A38: =+A171 -> 3.1. Veículo Coletor Compactador | E38: 1
A41: Fator de utilização (FU) | B41: 1
A43: 1. Mão-de-obra
A45: 1.1. Coletor Turno Dia
A46: Discriminação | B46: Unidade | C46: Quantidade | D46: Custo unitário | E46: Subtotal | F46: Total (R$)
A47: Piso da categoria | B47: mês | C47: 1 | D47: 1356.29 | E47: =C47*D47 -> 1356.29
A48: Horas Extras (100%) | B48: hora | C48: 0 | D48: =D47/220*2 -> 12.329909 | E48: =C48*D48 -> 0 | G48: Excluir esta linha caso a contratação não tenha previsão de horas extras 100% explícita no edital
A49: Horas Extras (50%) | B49: hora | C49: 0 | D49: =D47/220*1.5 -> 9.2474318 | E49: =C49*D49 -> 0 | G49: Excluir esta linha caso a contratação não tenha previsão de horas extras 50% explícita no edital
A50: Descanso Semanal Remunerado (DSR) - hora extra | B50: R$ | D50: =63/302*(SUM(E48:E49)) -> 0 | E50: =D50 -> 0 | G50: Excluir esta linha caso a contratação não tenha previsão de horas extras explícita no edital
A51: Adicional de Insalubridade | B51: % | C51: 40 | D51: =SUM(E47:E50) -> 1356.29 | E51: =C51*D51/100 -> 542.516
A52: Soma | E52: =SUM(E47:E51) -> 1898.806
A53: Encargos Sociais | B53: % | C53: ='2.Encargos Sociais'!$C$34*100 -> 74.95 | D53: =E52 -> 1898.806 | E53: =D53*C53/100 -> 1423.1551
A54: Total por Coletor | E54: =E52+E53 -> 3321.9611
A55: Total do Efetivo | B55: homem | C55: 2 | D55: =E54 -> 3321.9611 | E55: =C55*D55 -> 6643.9222
D56: Fator de utilização | E56: =$B$41 -> 1 | F56: =E55*E56 -> 6643.9222
A58: 1.2. Coletor Turno Noite
A59: Discriminação | B59: Unidade | C59: Quantidade | D59: Custo unitário | E59: Subtotal | F59: Total (R$)
A60: Piso da categoria | B60: mês | C60: 1 | D60: =D47 -> 1356.29 | E60: =C60*D60 -> 1356.29
A61: Adicional Noturno | B61: horas trabalhadas
B62: hora contabilizada | C62: =C61*8/7 -> 0 | D62: =D60/220*0.2 -> 1.2329909 | E62: =C61*D62 -> 0
A63: Horas Extras (100%) | B63: hora | D63: =D60/220*2 -> 12.329909 | E63: =C63*D63 -> 0 | G63: Excluir esta linha caso a contratação não tenha previsão de horas extras 100% explícita no edital
A64: Horas Extras Noturnas (100%) | B64: horas trabalhadas | G64: Excluir esta linha caso a contratação não tenha previsão de horas extras noturnas 100% explícita no edital
B65: hora contabilizada | C65: =C64*8/7 -> 0 | D65: =D60/220*2*1.2 -> 14.795891 | E65: =C65*D65 -> 0 | G65: Excluir esta linha caso a contratação não tenha previsão de horas extras noturnas 100% explícita no edital
A66: Horas Extras (50%) | B66: hora | D66: =D60/220*1.5 -> 9.2474318 | E66: =C66*D66 -> 0 | G66: Excluir esta linha caso a contratação não tenha previsão de horas extras 50% explícita no edital
A67: Horas Extras Noturnas (50%) | B67: horas trabalhadas | G67: Excluir esta linha caso a contratação não tenha previsão de horas extras noturnas 50% explícita no edital
B68: hora contabilizada | C68: =C67*8/7 -> 0 | D68: =D60/220*1.5*1.2 -> 11.096918 | E68: =C68*D68 -> 0 | G68: Excluir esta linha caso a contratação não tenha previsão de horas extras noturnas 50% explícita no edital
A69: Descanso Semanal Remunerado (DSR) - hora extra | B69: R$ | D69: =63/302*(SUM(E63:E68)) -> 0 | E69: =D69 -> 0 | G69: Excluir esta linha caso a contratação não tenha previsão de horas extras explícita no edital
A70: Adicional de Insalubridade | B70: % | C70: =+C51 -> 40 | D70: =SUM(E60:E69) -> 1356.29 | E70: =C70*D70/100 -> 542.516
A71: Soma | E71: =SUM(E60:E70) -> 1898.806
A72: Encargos Sociais | B72: % | C72: ='2.Encargos Sociais'!$C$34*100 -> 74.95 | D72: =E71 -> 1898.806 | E72: =D72*C72/100 -> 1423.1551
A73: Total por Coletor | E73: =E71+E72 -> 3321.9611
A74: Total do Efetivo | B74: homem | D74: =E73 -> 3321.9611 | E74: =C74*D74 -> 0
D75: Fator de utilização | E75: =$B$41 -> 1 | F75: =E74*E75 -> 0
A77: 1.3. Motorista Turno do Dia
A78: Discriminação | B78: Unidade | C78: Quantidade | D78: Custo unitário | E78: Subtotal | F78: Total (R$)
A79: Piso da categoria (1) | B79: mês | C79: 1 | D79: 1356.29 | E79: =C79*D79 -> 1356.29
A80: Salário mínimo nacional (2) | B80: mês | C80: 1 | D80: 998
A81: Horas Extras (100%) | B81: hora | C81: 0 | D81: =D79/220*2 -> 12.329909 | E81: =C81*D81 -> 0 | G81: Excluir esta linha caso a contratação não tenha previsão de horas extras 100% explícita no edital
A82: Horas Extras (50%) | B82: hora | C82: 0 | D82: =D79/220*1.5 -> 9.2474318 | E82: =C82*D82 -> 0 | G82: Excluir esta linha caso a contratação não tenha previsão de horas extras 50% explícita no edital
A83: Descanso Semanal Remunerado (DSR) - hora extra | B83: R$ | D83: =63/302*(SUM(E81:E82)) -> 0 | E83: =D83 -> 0 | G83: Excluir esta linha caso a contratação não tenha previsão de horas extras explícita no edital
A84: Base de cálculo da Insalubridade | C84: 2
A85: Adicional de Insalubridade | B85: % | C85: 40 | D85: =IF(C84=2,SUM(E79:E83),IF(C84=1,(SUM(E79:E83))*D80/D79,0)) -> 1356.29 | E85: =C85*D85/100 -> 542.516
A86: Soma | E86: =SUM(E79:E85) -> 1898.806
A87: Encargos Sociais | B87: % | C87: ='2.Encargos Sociais'!$C$34*100 -> 74.95 | D87: =E86 -> 1898.806 | E87: =D87*C87/100 -> 1423.1551
A88: Total por Motorista | E88: =E86+E87 -> 3321.9611
A89: Total do Efetivo | B89: homem | C89: 1 | D89: =E88 -> 3321.9611 | E89: =C89*D89 -> 3321.9611
D90: Fator de utilização | E90: =$B$41 -> 1 | F90: =E89*E90 -> 3321.9611
A92: 1.4. Motorista Turno Noite
A93: Discriminação | B93: Unidade | C93: Quantidade | D93: Custo unitário | E93: Subtotal | F93: Total (R$)
A94: Piso da categoria | B94: mês | C94: 1 | D94: =D79 -> 1356.29 | E94: =C94*D94 -> 1356.29
A95: Salário mínimo nacional | B95: mês | C95: 1 | D95: =D80 -> 998
A96: Adicional Noturno | B96: horas trabalhadas | C96: 0
B97: hora contabilizada | C97: =C96*8/7 -> 0 | D97: =D94/220*0.2 -> 1.2329909 | E97: =C96*D97 -> 0
A98: Horas Extras (100%) | B98: hora | C98: 0 | D98: =D94/220*2 -> 12.329909 | E98: =C98*D98 -> 0 | G98: Excluir esta linha caso a contratação não tenha previsão de horas extras 100% explícita no edital
A99: Horas Extras Noturnas (100%) | B99: horas trabalhadas | G99: Excluir esta linha caso a contratação não tenha previsão de horas extras noturnas 100% explícita no edital
B100: hora contabilizada | C100: =C99*8/7 -> 0 | D100: =D94/220*2*1.2 -> 14.795891 | E100: =C100*D100 -> 0 | G100: Excluir esta linha caso a contratação não tenha previsão de horas extras noturnas 100% explícita no edital
A101: Horas Extras (50%) | B101: hora | D101: =D94/220*1.5 -> 9.2474318 | E101: =C101*D101 -> 0 | G101: Excluir esta linha caso a contratação não tenha previsão de horas extras 50% explícita no edital
A102: Horas Extras Noturnas (50%) | B102: horas trabalhadas | G102: Excluir esta linha caso a contratação não tenha previsão de horas extras noturnas 50% explícita no edital
B103: hora contabilizada | C103: =C102*8/7 -> 0 | D103: =D94/220*1.5*1.2 -> 11.096918 | E103: =C103*D103 -> 0 | G103: Excluir esta linha caso a contratação não tenha previsão de horas extras noturnas 50% explícita no edital
A104: Descanso Semanal Remunerado (DSR) - hora extra | B104: R$ | D104: =63/302*(SUM(E98:E103)) -> 0 | E104: =D104 -> 0 | G104: Excluir esta linha caso a contratação não tenha previsão de horas extras explícita no edital
A105: Base de cálculo da Insalubridade
A106: Adicional de Insalubridade | B106: % | C106: =+C85 -> 40 | D106: =IF(C105=2,SUM(E94:E104),IF(C105=1,SUM(E94:E104)*D95/D94,0)) -> 0 | E106: =C106*D106/100 -> 0
A107: Soma | E107: =SUM(E94:E106) -> 1356.29
A108: Encargos Sociais | B108: % | C108: ='2.Encargos Sociais'!$C$34*100 -> 74.95 | D108: =E107 -> 1356.29 | E108: =D108*C108/100 -> 1016.5394
A109: Total por Motorista | E109: =E107+E108 -> 2372.8294
A110: Total do Efetivo | B110: homem | D110: =E109 -> 2372.8294 | E110: =C110*D110 -> 0
D111: Fator de utilização | E111: =$B$41 -> 1 | F111: =E110*E111 -> 0
...

Sheet 2.Encargos Sociais
A1: Orientações para preenchimento:
A2: 1. Preencha previamente os dados de entrada na planilha 3.CAGED
A4: 2. Composição dos Encargos Sociais
A5: Código | B5: Descrição | C5: Valor
A6: A1 | B6: INSS | C6: 0.2
A7: A2 | B7: SESI | C7: 0.015
A8: A3 | B8: SENAI | C8: 0.01
A9: A4 | B9: INCRA | C9: 0.002
A10: A5 | B10: SEBRAE | C10: 0.006
A11: A6 | B11: Salário educação | C11: 0.025
A12: A7 | B12: Seguro contra acidentes de trabalho | C12: 0.03
A13: A8 | B13: FGTS | C13: 0.08
A14: A | B14: SOMA GRUPO A | C14: =SUM(C6:C13) -> 0.368
A16: B1 | B16: Férias gozadas | C16: =ROUND(IF('3.CAGED'!C39>24,(1-12/'3.CAGED'!C39)*0.1111,0.1111-C25),4) -> 0.0574
A17: B2 | B17: 13º salário | C17: =ROUND('3.CAGED'!C33/'3.CAGED'!C30,4) -> 0.0833
A18: B3 | B18: Licença Paternidade | C18: 0.0006
A19: B4 | B19: Faltas justificadas | C19: 0.0082
A20: B5 | B20: Auxilio acidente de trabalho | C20: 0.0031
A21: B6 | B21: Auxilio doença | C21: 0.0166
A22: B | B22: SOMA GRUPO B | C22: =SUM(C16:C21) -> 0.1692
A24: C1 | B24: Aviso prévio indenizado | C24: =ROUND(('3.CAGED'!C38) *'3.CAGED'!C29/'3.CAGED'!C30,4) -> 0.039
A25: C2 | B25: Férias indenizadas | C25: =ROUND(IF('3.CAGED'!C39>12,12/'3.CAGED'!C39*0.1111,0.1111),4) -> 0.0537
A26: C3 | B26: Férias indenizadas s/ aviso previo inden. | C26: =ROUND(('3.CAGED'!C32+'3.CAGED'!C31)/360*C24,4) -> 0.0043
A27: C4 | B27: Depósito rescisão sem justa causa | C27: =ROUND(('3.CAGED'!C30+'3.CAGED'!C31+'3.CAGED'!C33)/'3.CAGED'!C28*'3.CAGED'!C35*'3.CAGED'!C36*'3.CAGED'!C29/'3.CAGED'!C30,4) -> 0.0359
A28: C5 | B28: Indenização adicional | C28: =ROUND(('3.CAGED'!C32/'3.CAGED'!C30)*'3.CAGED'!C29/12,4) -> 0.0027
A29: C | B29: SOMA GRUPO C | C29: =SUM(C24:C28) -> 0.1356
A31: D1 | B31: Reincidência de Grupo A sobre Grupo B | C31: =ROUND(C14*C22,4) -> 0.0623
A32: D2 | B32: Reincidência de Grupo A sobre aviso prévio indenizado | C32: =ROUND((C24*C14),4) -> 0.0144
A33: D | B33: SOMA GRUPO D | C33: =SUM(C31:C32) -> 0.0767
B34: SOMA (A+B+C+D) | C34: =C33+C29+C22+C14 -> 0.7495

Sheet 3.CAGED
A1: CÁLCULO DAS VERBAS INDENIZATÓRIAS DOS EMPREGADOS NO SETOR DE COLETA DE RSU
A3: Para preencher esta planilha siga os passos 1 a 5:
A4: 1. Acesse o Portal do CAGED no link http://bi.mte.gov.br/cagedestabelecimento/pages/consulta.xhtml
A5: 2. Na Especificação da Consulta, selecione "Demonstrativo por período" e informe as competências relativas ao período Inicial e Final (últimos 12 meses)
A6: 3. Nível Geográfico: selecione "Unidade da Federação" e marque a opção "Rio Grande do Sul"
A7: 4. Nível Setorial: selecione "Classe de atividade econômica segundo a classificação CNAE – versão 2.0 (669 categorias)" e marque a opção "38114 – Coleta de Resíduos Não-Perigosos"
A8: 5. Clique em Gerar Relatório
A9: 6. Preencha as células em amarelo
B11: 3. CAGED
B12: Rio Grande do Sul - Coleta de Resíduos Não-Perigosos - CNAE 38114
B13: Admissões | C13: 2486
B14: Desligamentos | C14: 3303
B15: Dispensados com justa causa | C15: 81
B16: Dispensados sem justa causa | C16: 2336
B17: Espontâneos | C17: 342
B18: Fim de contrato por prazo determinado | C18: 18
B19: Término de contrato | C19: 500
B20: Aposentados | C20: 1
B21: Mortos | C21: 25
B22: Transferência de saída | C22: 0
B23: Indicadores
B24: Estoque recuperado início do Período 01-09-2016 | C24: 6400
B25: Estoque recuperado final do Período 31-08-2017 | C25: 5583
B26: Variação Emprego Absoluta de 01-09-2016 a 31-08-2017 | C26: -817
B28: Rotatividade | C28: =MEDIAN(C13,C14)/MEDIAN(C24,C25) -> 0.48310106 | G28: =12/C28 -> 24.839523
B29: Demitidos s/ Justa Causa em relação ao Estoque Médio | C29: =C16/MEDIAN(C24,C25) -> 0.38988567
B30: Dias ano | C30: 360
B31: 1/3 de férias (dias) | C31: 10
B32: Férias (dias) | C32: 30 | G32: =TRUNC(G37) -> 0
B33: 13º Salário (dias) | C33: 30
B34: Estoque Médio | C34: =MEDIAN(C24,C25) -> 5991.5
B35: FGTS | C35: 0.08 | K35: =IF(C39>12,C39-12,C39) -> 12.839523
B36: Multa FGTS | C36: 0.5 | K36: =IF(#REF!>12,#REF!-12,#REF!) -> #REF!
B37: Fração de tempo para gozo férias | C37: =((1/C28)-TRUNC(E37)) -> 0.069960269 | D37: =TRUNC(E37) -> 2 | E37: =1/C28 -> 2.0699603 | F37: =((1/C28)-TRUNC(E37)) -> 0.069960269 | G37: =12*F37 -> 0.83952323 | K37: =IF(#REF!>12,#REF!-12,#REF!) -> #REF!
B38: Dias de Aviso prévio | C38: =30+D38 -> 36 | D38: =3*D37 -> 6 | G38: =G37/12*40/360 -> 0.0077733633 | K38: =IF(#REF!>12,#REF!-12,#REF!) -> #REF!
B39: Rotatividade temporal (meses) | C39: =12/C28 -> 24.839523 | K39: =IF(#REF!>12,#REF!-12,#REF!) -> #REF!
K40: =IF(K39>12,K39-12,K39) -> #REF!
K41: =IF(K40>12,K40-12,K40) -> #REF!

Sheet 4.BDI
A1: Orientações para preenchimento:
A2: 1. Esta planilha é somente um modelo-base e deve ser ajustada conforme cada caso concreto.
A3: 2. Preencher somente células em amarelo
A6: 4. Composição do BDI - Benefícios e Despesas Indiretas
D8: Referência estudo TCE
D9: 1° Quartil | E9: Médio | F9: 3° Quartil
A10: Administração Central | B10: AC | C10: 0.01 | D10: 0.0297 | E10: 0.0508 | F10: 0.0627
A11: Seguros/Riscos/Garantias | B11: SRG | C11: 0.01 | D11: =0.3%+0.56% -> 0.0086 | E11: =0.48%+0.85% -> 0.0133 | F11: =0.82%+0.89% -> 0.0171
A12: Lucro | B12: L | C12: 0.09 | D12: 0.0778 | E12: 0.1085 | F12: 0.1355
A13: Despesas Financeiras | B13: DF | C13: 0.01 | D13: SELIC | E13: 0.065
A14: Tributos - ISS | B14: T | C14: 0.02 | D14: DU | E14: 40
A15: Tributos - PIS/COFINS | C15: 0.0365
A16: Fórmula para o cálculo do BDI:
A17: {[(1+AC+SRG) x (1+L) x (1+DF)] / (1-T)} -1
A18: Resultado do cálculo do BDI: | C18: =ROUND((((1+C10+C11)*(1+C12)*(1+C13))/(1-(C14+C15))-1),4) -> 0.1902 | D18: 0.2143 | E18: 0.2717 | F18: 0.3362

Sheet 5. Depreciação
A1: 5. Depreciação Referencial TCE/RS (%)
A2: Idade do veículo (ano) | B2: Depreciação Média
A3: 1 | B3: 33.63
A4: 2 | B4: 43.13
A5: 3 | B5: 48.68
A6: 4 | B6: 52.62
A7: 5 | B7: 55.68
A8: 6 | B8: 58.18
A9: 7 | B9: 60.29
A10: 8 | B10: 62.12
A11: 9 | B11: 63.73
A12: 10 | B12: 65.18
A13: 11 | B13: 66.48
A14: 12 | B14: 67.67
... A17: 15 | B17: 70.73

Sheet 6.Remuneração de capital
A1: 6. Remuneração de Capital
A3: Fórmula de cálculo da remuneração de capital:
A12: Jm = remuneração de capital mensal
A13: i = taxa de juros do mercado (sugere-se adotar a taxa SELIC)
A14: Im = investimento médio
A15: V0 = valor inicial do bem
A16: Vr = valor residual do bem
A17: n = vida útil do bem em anos

Sheet 7. Dimensionamento
A1: Orientações para preenchimento:
A2: 1. Esta planilha é somente um modelo de cálculo expedito e deve ser ajustada conforme cada caso concreto.
A3: 2. Dimensionar separadamente setores atendidos por veículos de capacidade de carga diferentes.
A4: 3. Preencher somente células em amarelo
A6: 7. Dimensionamento da frota
A8: Indicador | B8: Unid | C8: Valor
A9: População (H) | B9: hab
A10: Geração per capita (G) | B10: Kg/hab.dia | C10: =0.0362741*C9^0.2336249 -> 0
A11: Geração total diária (Qd) | B11: ton/dia | C11: =C9*C10/1000 -> 0
A12: Geração Mensal | B12: ton | C12: =(C11*30) -> 0
A13: Número de dias de coleta por semana (Dc) | B13: dia
A14: Quantitativo diário de coleta (Qc) | B14: ton/dia | C14: =IFERROR(C11*7/C13,0) -> 0
A15: Densidade RSU compactado | B15: Kg/m³ | C15: 500
A16: Tipo de Veículo (1 = toco, 2 = truck)
A17: Capacidade do Compactador | B17: m³
A18: Capacidade nominal de carga (Cc) | B18: ton | C18: =IF(AND(C17>=15,C16=1),5.8,C17/2) -> 0
A19: Número de Cargas por dia (Nc) | C19: =IFERROR(C14/C18,0) -> 0
A20: Número total de percursos de coleta por veículo, por dia (Np)
A21: Número de veículos da Frota (F) | C21: =IFERROR(C19/C20,0) -> 0
